 Dungeon Crawl Stone Soup version 0.24.0-1-gfbc8707 (webtiles) character file.

Game seed: 1378625762352730838, levelgen mode: deterministic

213 Buxparty the Ducker (level 5, -4/40 HPs)
             Began as a Mummy Gladiator on Jan 5, 2020.
             Slain by Natasha (5 damage)
             ... on level 3 of the Dungeon.
             The game lasted 00:08:20 (2799 turns).

Buxparty the Ducker (Mummy Gladiator)               Turns: 2799, Time: 00:08:21

Health: -4/40      AC:  5    Str: 19    XL:     5   Next: 59%
Magic:  5/5        EV: 13    Int:  7    God:
Gold:   128        SH:  0    Dex: 13    Spells: 4/4 levels left

rFire    x . .     SeeInvis .   a - +0 long sword
rCold    + . .     Gourm    .   (no shield)
rNeg     + + +     Faith    .   b - +0 leather armour
rPois    ∞         Spirit   .   c - +0 helmet
rElec    .         Reflect  .   (no cloak)
rCorr    .         Harm     .   l - +0 pair of gloves
MR       .....                  (no boots)
Stlth    +.........             (no amulet)
HPRegen  0.13/turn              (no ring)
MPRegen  0.09/turn              (no ring)

@: no status effects
A: no food or potions, fire vulnerability, cold resistance 1, negative energy
resistance 3, torment resistance, unbreathing
a: no special abilities


You were on level 3 of the Dungeon.
You were not hungry.

You visited 1 branch of the dungeon, and saw 4 of its levels.

You collected 128 gold pieces.

Inventory:

Hand Weapons
 a - a +0 long sword (weapon)
Missiles
 f - 2 boomerangs (quivered)
 h - 20 poisoned darts
Armour
 b - a +0 leather armour (worn)
 c - a +0 helmet (worn)
 l - a +0 pair of gloves (worn)
Scrolls
 e - a scroll of amnesia {unknown}
 g - a scroll of magic mapping {unknown}
 i - a scroll of enchant armour {unknown}
 j - 7 scrolls of identify {unknown}
 k - a scroll of enchant weapon {unknown}
 m - a scroll of fog {unknown}
 n - a scroll of random uselessness {unknown}
 o - 2 scrolls of remove curse {unknown}


   Skills:
 + Level 2.9 Fighting
 + Level 3.0 Long Blades
 * Level 3.1 Throwing
 + Level 1.4 Armour
 + Level 3.1 Dodging


You had 4 spell levels left.
You didn't know any spells.
Your spell library was empty.

Dungeon Overview and Level Annotations

Branches:
Dungeon (4/15)
 Temple: D:4-7

Altars:
Elyvilon

Annotations:
D:3 Natasha
D:4 Menkaure


Innate Abilities, Weirdness & Mutations

You do not eat or drink.
Your flesh is vulnerable to fire.
You are immune to poison.
Your flesh is cold resistant. (rC+)
You are immune to negative energy. (rN+++)
You are immune to unholy pain and torment.
You can survive without breathing.


Message History

Natasha claws you.
* * * LOW HITPOINT WARNING * * *
Throwing (i - inventory. (/) - cycle)
d - 2 throwing nets (quivered)
Press: ? - help, Shift-Dir - straight line, f - crimson imp
Aim: a crimson imp (summoned)
You throw a throwing net.
The throwing net barely misses the crimson imp.
The crimson imp hits you.
* * * LOW HITPOINT WARNING * * *
Natasha barely misses you.
You riposte.
You miss Natasha.
Natasha is moderately wounded.
Throwing (i - inventory. (/) - cycle)
d - a throwing net (quivered)
Press: ? - help, Shift-Dir - straight line, f/p - crimson imp
Aim: a crimson imp (summoned)
You throw a throwing net.
The throwing net misses the crimson imp.
The crimson imp hits you.
* * * LOW HITPOINT WARNING * * *
The crimson imp barely misses you. Natasha claws you.
You die...

# #.......##.# #.#
#.# ######..##.##
#.# #.#
#..#...####.####.#
#########
#................##
†...†...#
#......####........
#######.# #...#.##
######.## #.#
#...#.##########.#
#.#
#...#...........<#
#.#
#.@.############.#
#.# #55h# #[# #.#
#...# #.# #.#
#...###### #.# #.#
#........#######.#
#.#
#..###.....(.....#
#.# #..#
#.#.#########
#.#######..# #.#.#
#.((.((..((# #.#.#


You could see Natasha and 2 crimson imps.

Vanquished Creatures
  An orc wizard (D:3)
  Natasha (D:4)
  A worker ant (D:4)
  4 gnolls (D:3)
  3 adders (D:2)
  A worm (D:4)
  A dart slug (D:2)
  A leopard gecko (D:2)
  7 orcs
  4 giant cockroaches
  6 goblins
  2 hobgoblins (D:3)
  2 jackals (D:4)
  7 kobolds
  2 quokkas
  8 bats
  3 frilled lizards (D:2)
  9 rats
63 creatures vanquished.

Notes
Turn   | Place    | Note
-------+----------+-------------------------------------------
     0 | D:1      | Buxparty the Mummy Gladiator began the quest for the Orb.
     0 | D:1      | Reached XP level 1. HP: 16/16 MP: 1/1
   289 | D:1      | Reached XP level 2. HP: 22/22 MP: 2/2
   924 | D:2      | Reached XP level 3. HP: 22/27 MP: 3/3
  1885 | D:3      | Reached XP level 4. HP: 34/34 MP: 4/4
  1970 | D:3      | Reached skill level 1 in Armour
  2098 | D:3      | Found a white marble altar of Elyvilon.
  2116 | D:3      | Reached XP level 5. HP: 38/39 MP: 5/5
  2707 | D:4      | Noticed Natasha
  2713 | D:4      | Killed Natasha
  2732 | D:4      | Noticed a sky beast
  2749 | D:4      | Noticed Menkaure
  2767 | D:4      | Noticed Natasha
  2799 | D:3      | HP: 1/40 [crimson imp[Natasha] (2)]
  2799 | D:3      | Slain by Natasha

Levels and vault maps discovered:
D:1:      dpeg_arrival_stonehenge_12_columns, layout_basic, st_stairs_12,
          chequers_serial_rivers_small_3
D:2:      layout_basic
D:3:      layout_loops_ring, lemuel_round_altar, first_ration
D:4:      layout_loops_ring, ebering_ghost_sewer_f, uniq_natasha, uniq_menkaure

Skill      XL: |  1  2  3  4  5 |
---------------+----------------+-----
Throwing       | 2 3 |  3.1
Armour         | 1 |  1.4
Dodging        | 3 |  3.1
Long Blades    | 3 |  3.0
Fighting       | |  2.9

Action                   |  1- 3 |  4- 6 || total
-------------------------+-------+-------++-------
Melee: Long sword        |    98 |    67 ||   165
Throw: Dart              |     2 |    21 ||    23
       Throwing net      |     1 |     2 ||     3
 Stab: Sleeping          |     1 |       ||     1
Armor: Leather armour    |    37 |    15 ||    52
Dodge: Dodged            |    73 |    52 ||   125
       Rpst.: Long sword |    26 |    14 ||    40
